Map: Berlingrad LE

Players

herO - Winner!

  • Race: Protoss Protoss

ShoWTimE

  • Race: Protoss Protoss

VOD

Have the link to the VOD?

Description

Time

  • Played on: Oct. 21, 2021, 9:17 a.m.
  • Length: 5:20
Show
View Real Time Build Order
Export as new Build Order

herO Protoss - Winner!

Build Orders: Oracle Opening 

Get SALT Encoding   

  12  0:00  Probe  
  13  0:12  Probe  
  14  0:17  Pylon  
  14  0:24  Probe (Chrono Boost)  
  15  0:36  Probe (Chrono Boost)  
  15  0:37  Gateway  
  16  0:44  Probe (Chrono Boost)  
  16  0:45  Assimilator  
  17  0:50  Probe  
  17  0:54  Assimilator  
  18  1:03  Probe (Chrono Boost)  
  19  1:07  Gateway  
  20  1:12  Probe (Chrono Boost)  
  20  1:17  Probe (Chrono Boost)  
  20  1:24  Cybernetics Core  
  21  1:29  Probe  
  22  1:36  Pylon  
  22  1:41  Probe  
  24  1:56  Pylon  
  24  2:00  Adept  
  24  2:01  Adept  
  27  2:03  Warp Gate  
  28  2:12  Pylon  
  28  2:19  Stargate  
  28  2:32  Adept  
  28  2:33  Adept  
  31  2:37  Probe  
  32  3:02  Oracle (Chrono Boost)  
  35  3:06  Adept x2  
  35  3:10  Pylon  
  39  3:22  Shield Battery  
  39  3:29  Oracle (Chrono Boost)  
  42  3:43  Nexus  
  42  3:55  Adept  
  44  3:56  Adept  
  46  4:03  Pylon  
  43  4:27  Stalker  
  43  4:28  Stalker  
  43  4:29  Probe  
  44  4:44  Probe  
  41  4:46  Twilight Council  
  39  4:56  Probe x2  
  39  4:57  Stalker  
  43  5:03  Stalker  
Show
View Real Time Build Order
Export as new Build Order

ShoWTimE Protoss 

Build Orders: Oracle Opening 

Get SALT Encoding   

  12  0:00  Probe  
  13  0:12  Probe  
  14  0:17  Pylon  
  14  0:24  Probe (Chrono Boost)  
  15  0:37  Probe (Chrono Boost), Gateway  
  16  0:44  Probe (Chrono Boost)  
  16  0:46  Assimilator  
  17  0:51  Probe  
  18  1:03  Probe (Chrono Boost)  
  19  1:04  Assimilator  
  19  1:11  Gateway  
  19  1:14  Probe (Chrono Boost)  
  20  1:18  Probe (Chrono Boost)  
  20  1:24  Cybernetics Core  
  21  1:29  Probe  
  22  1:34  Pylon  
  22  1:41  Probe  
  23  1:53  Probe  
  24  2:01  Stalker x2, Warp Gate  
  29  2:08  Probe  
  29  2:11  Pylon  
  29  2:23  Pylon  
  29  2:27  Stargate  
  29  2:36  Stalker  
  31  2:43  Stalker  
  33  3:05  Nexus  
  33  3:08  Probe  
  33  3:11  Oracle (Chrono Boost)  
  37  3:21  Pylon  
  37  3:24  Probe  
  38  3:36  Probe  
  38  3:38  Oracle (Chrono Boost)  
  42  3:48  Shield Battery  
  42  3:49  Probe  
  43  3:58  Twilight Council  
  44  4:08  Stalker  
  45  4:10  Shield Battery  
  45  4:17  Stalker  
  45  4:20  Probe  
  45  4:21  Probe  
  32  5:05  Zealot x2  
  30  5:07  Probe  
Tags
 
Add a new tag
Caveats
  • Supply blocks, unpowered buildings, or Contaminate may cause inaccurate times.
  • Supply counts are checked every 10 seconds.